 Dungeon Crawl Stone Soup version 0.19.0-24-gb05acd6 (webtiles) character file.

77 Aksej the Slasher (level 4, -4/34 HPs)
             Began as a Demonspawn Gladiator on Nov 22, 2016.
             Slain by Sigmund
             ... wielding a +0 scythe
              (14 damage)
             ... on level 2 of the Dungeon.
             The game lasted 00:04:46 (905 turns).

Aksej the Slasher (Demonspawn Gladiator)             Turns: 905, Time: 00:04:46

Health: -4/34      AC:  7    Str: 16    XL:     4   Next: 13%
Magic:  0/4        EV: 13    Int:  9    God:
Gold:   84         SH:  0    Dex: 14    Spells: 0 memorised, 3 levels left

rFire  . . .     SeeInvis .     a - +1 long sword
rCold  . . .     Gourm    .     b - +0 leather armour
rNeg   . . .     Faith    .     (no shield)
rPois  .         Spirit   +     c - +0 helmet
rElec  .         Reflect  .     (no cloak)
rCorr  .         Harm     .     (no gloves)
MR     .....                    n - +0 pair of boots
Stlth  +.........               e - amulet of guardian spirit
                                (no ring)
                                (no ring)

@: confused, very slightly contaminated, hasted, very quick
A: yellow scales 1, spiny 1
a: no special abilities


You were on level 2 of the Dungeon.
You were not hungry.

You visited 1 branch of the dungeon, and saw 2 of its levels.

You collected 84 gold pieces.

Inventory:

Hand Weapons
 a - a +1 long sword (weapon)
Armour
 b - a +0 leather armour (worn)
 c - a +0 helmet (worn)
 n - a +0 pair of boots (worn)
Jewellery
 e - an amulet of guardian spirit (around neck)
Scrolls
 k - a scroll of enchant weapon
Comestibles
 f - a bread ration
 g - 3 fruits
 i - 5 chunks of flesh
 m - 3 meat rations


   Skills:
 + Level 2.3 Fighting
 * Level 3.9 Long Blades
 + Level 1.9 Throwing
 + Level 0.5 Armour
 + Level 3.1 Dodging


You had 3 spell levels left.
You didn't know any spells.

Dungeon Overview and Level Annotations

Branches:
Dungeon (2/15)

Altars:

Annotations:
D:2 Sigmund


Innate Abilities, Weirdness & Mutations

You are partially covered in yellow scales. (AC +2)
You are partially covered in sharp spines.


Message History

Sigmund closely misses you.
You hit Sigmund.
Sigmund is almost dead.
Sigmund is struck by your spines. Sigmund barely misses you.
You hit Sigmund but do no damage.
Sigmund is almost dead.
You hit Sigmund.
Sigmund is almost dead.
Sigmund casts a spell.
Sigmund flickers and vanishes!
Deactivating autopickup; reactivate with Ctrl-A.
You closely miss something. You closely miss something.
You hear some strange, mumbled words.
You are confused.
You miss something.
You hear some strange, mumbled words.
Something tries to affect you, but you resist.
You bump into the rock wall.
Something hits you!
You die...

........# .# #.#...#.
#####.#.##.# #.....#. #.#....#
#.#...#. #.#..### #.#####. #.#..#
#####.# #. #.#))# #.....# #.
#.#..######### #.###.#####.
#####............#####........##.
................@{...#..##.##.##.
.#####...#######(###.#..##.##.##.
##..# #.###.#........... ##..#
#....#...##.##.##^ #...#
#####.#........... ##.#.#
#.#........... ####...)#####
#.#>#.####.##. #....#......#
#####.#.#.# #.##.
.#.##...####.###.....#.#.# #.##.


There were no monsters in sight!

Vanquished Creatures
  Jessica (D:2)
  An adder (D:2)
  2 worms (D:2)
  2 giant cockroaches
  8 goblins
  3 hobgoblins (D:2)
  4 jackals (D:1)
  2 kobolds
  6 bats
  A frilled lizard (D:2)
  3 rats
33 creatures vanquished.

Notes
Turn   | Place    | Note
-------+----------+-------------------------------------------
     0 | D:1      | Aksej the Demonspawn Gladiator began the quest for the Orb.
     0 | D:1      | Reached XP level 1. HP: 16/16 MP: 1/1
   260 | D:1      | Gained mutation: You are partially covered in yellow scales. (AC +2) [demonic ancestry]
   260 | D:1      | Reached XP level 2. HP: 16/22 MP: 2/2
   412 | D:1      | You fall through a shaft!
   429 | D:2      | Gained mutation: You are partially covered in sharp spines. [demonic ancestry]
   429 | D:2      | Reached XP level 3. HP: 23/27 MP: 1/3
   705 | D:2      | Noticed Jessica
   712 | D:2      | Killed Jessica
   733 | D:2      | Reached XP level 4. HP: 34/34 MP: 4/4
   878 | D:2      | Noticed Sigmund
   905 | D:2      | Slain by Sigmund

Skill      XL: |  1  2  3 |
---------------+----------+-----
Long Blades    | 3 |  3.9
Dodging        | 3 |  3.1
Fighting       | |  2.3
Throwing       | |  1.9
Armour         | |  0.5

Action                   |  1- 3 |  4- 6 || total
-------------------------+-------+-------++-------
Melee: Long sword        |    57 |    18 ||    75
Throw: Throwing net      |     3 |     3 ||     6
  Use: Scroll            |     4 |       ||     4
       Potion            |     2 |     2 ||     4
 Stab: Sleeping          |     2 |       ||     2
       Held in net/web   |     1 |       ||     1
Armor: Leather armour    |    24 |     3 ||    27
Dodge: Dodged            |    61 |     9 ||    70
       Rpst.: Long sword |    24 |     1 ||    25
